 Dungeon Crawl Stone Soup version 0.22-a0-278-g8f80174 (webtiles) character file.

8069 neds the Grappler (level 11, 0/102 HPs)
             Began as a Troll Hunter on Mar 14, 2018.
             Was a Priest of the Shining One.
             Slain by a minotaur
             ... wielding a +0 quarterstaff
              (9 damage)
             ... while paralysed
             ... in a labyrinth on Mar 15, 2018.
             The game lasted 01:07:45 (9887 turns).

neds the Grappler (Troll Hunter)                    Turns: 9887, Time: 01:07:46

Health: 0/102      AC: 11    Str: 22    XL:     11   Next: 5%
Magic:  23/23      EV:  1    Int:  7    God:    the Shining One [***...]
Gold:   122        SH:  0    Dex: 13    Spells: 10/10 levels left

rFire    . . .     SeeInvis .     - Unarmed
rCold    . . .     Gourm    +   (no shield)
rNeg     + . .     Faith    .   c - +0 acid dragon scales
rPois    .         Spirit   .   (helmet restricted)
rElec    .         Reflect  .   M - +1 cloak
rCorr    +         Harm     .   (gloves unavailable)
MR       .....                  (boots unavailable)
Stlth    +.........             (no amulet)
HPRegen  0.67/turn              r - ring of magical power
MPRegen  0.18/turn              B - ring of resist corrosion

@: paralysed, berserk cooldown, slowed, glowing
A: large, unfitting armour, claws 3, fast metabolism 3, gourmand, regeneration
1, shaggy fur 1, tough skin 2
a: Divine Shield, Renounce Religion


You were in a labyrinth.
You worshipped the Shining One.
The Shining One was most pleased with you.
You were not hungry.

You visited 3 branches of the dungeon, and saw 13 of its levels.
You also visited: Labyrinth.

You collected 497 gold pieces.
You spent 375 gold pieces at shops.

Inventory:

Hand Weapons
 i - a +2 spear of venom
 F - a +4 spear
 G - a +1 spear
 H - a +3 flail
Missiles
 d - 2 throwing nets
 k - 5 large rocks (quivered)
Armour
 c - +0 acid dragon scales (worn)
 y - a +2 animal skin
 K - the +0 robe of the Echidna {Regen+ SInv}
   (You found it on level 7 of the Dungeon)

   It lets you see invisible.
   It increases your rate of regeneration.
 M - a +1 cloak (worn)
Jewellery
 r - a ring of magical power (left claw)
 B - a ring of resist corrosion (right claw)
Wands
 o - a wand of iceblast (27)
 D - a wand of digging (19)
Scrolls
 a - a scroll of remove curse
 b - 4 scrolls of identify
 e - 2 scrolls of amnesia
 j - 2 scrolls of magic mapping
 l - 3 scrolls of fear
 m - 2 scrolls of blinking
 n - 2 scrolls of noise {unknown}
 p - 3 scrolls of enchant weapon
 u - 2 scrolls of immolation
 w - 2 scrolls of fog {unknown}
 E - 3 scrolls of enchant armour
Potions
 g - 2 potions of resistance
 h - 4 potions of lignification
 q - 4 potions of curing
 t - 3 potions of mutation
 v - 3 potions of flight
 x - a potion of magic {unknown}
 z - 4 potions of haste
 A - a potion of invisibility {unknown}
 C - a potion of berserk rage
 I - a potion of degeneration
 J - a potion of heal wounds
 L - a potion of cancellation {unknown}
Comestibles
 f - 22 rations


   Skills:
 - Level 5.1 Fighting
 - Level 4.2 Throwing
 + Level 1.5 Dodging
 - Level 0.3 Stealth
 + Level 13.6 Unarmed Combat
 - Level 6.4 Invocations


You had 10 spell levels left.
You didn't know any spells.

Dungeon Overview and Level Annotations

Branches:
Dungeon (11/15)            Temple (1/1) D:7            Lair (1/6) D:10
    Orc: D:9-12

Altars:
Ashenzari
Cheibriados
Dithmenos
Elyvilon
Fedhas
Gozag
Hepliaklqana
Kikubaaqudgha
Makhleb
Nemelex Xobeh
Okawaru
Qazlal
Ru
Sif Muna
Trog
Uskayaw
Vehumet
Wu Jian
Xom
Yredelemnul
Zin
The Shining One

Shops:
D:4 }   D:5 (:   D:6 =   D:7 !   D:8 *}}   D:10 =

Annotations:
D:8 exclusion: oklob plant
D:10 Snorg


Innate Abilities, Weirdness & Mutations

You are too large for most types of armour.
You have claws for hands.
Your metabolism is lightning-fast.
You like to eat raw meat.
Your natural rate of healing is unusually fast.
You are covered in fur. (AC +1)
You have very tough skin. (AC +2)


Message History

A red film seems to cover your vision as you go berserk!
You feel yourself moving faster!
You feel mighty!
You are too berserk!
You feel a strong urge to attack something.
The minotaur throws a javelin of penetration.
The javelin of penetration pierces through you.
You see here a javelin of penetration.
You feel your anger nearly subside.
You are no longer berserk.
You pass out from exhaustion.
You feel yourself slow down.
The minotaur hits you with a quarterstaff!!
The minotaur gores you!
The minotaur hits you but does no damage.
The minotaur gores you!
The minotaur hits you with a quarterstaff!!
The minotaur gores you.
The minotaur hits you with a quarterstaff!!
* * * LOW HITPOINT WARNING * * *
The minotaur gores you!
You die...

# . . .# .#
#.#. #. #. ...
▓ # #. ## ...
.. ▓
.#######.#.#.
▓..
#...@H<.....
.###.#(########
. #.....# #
###.####### #
.# . .#...#. #
###.#.#. .### #
.# #...#. ....
# ▓ # ###
#.#######.## .#
. .#...#.#. #


You could see a minotaur.

Vanquished Creatures
  A two-headed ogre (D:8)
  Maurice (D:11)
  A black mamba (Lair:1)
  A hippogriff (Lair:1)
  Sigmund (D:2)
  A spriggan (D:7)
  9 yaks
  A hungry ghost (D:9)
  An acid dragon (D:10)
  2 water moccasins
  An ice beast (D:7)
  A necrophage (D:9)
  2 phantoms
  3 sky beasts
  4 ogres
  4 centaurs
  5 wolves
  The ghost of tidbits the Firebug, an amateur GnFE (D:3)
  A crocodile (D:11)
  3 bullfrogs
  A wyvern zombie (D:11)
  3 scorpions
  A water moccasin skeleton (D:7)
  3 killer bees
  9 wights
  2 centaur zombies (D:11)
  6 crimson imps
  3 jellies
  A quasit (D:8)
  A bullfrog skeleton (D:9)
  An orc priest (D:3)
  4 hounds
  2 bullfrog zombies
  2 centaur skeletons
  2 orc wizards
  3 iguanas
  4 worker ants
  A killer bee zombie (D:8)
  2 hound zombies
  3 hound skeletons
  A worker ant zombie (D:8)
  Robin (D:4)
  9 adders
  2 shadow imps
  An ooze (D:3)
  An adder zombie (D:8)
  An adder skeleton (D:6)
  4 worms
  4 dart slugs
  5 leopard geckos
  22 orcs
  5 giant cockroaches
  6 hobgoblins
  5 jackals
  6 kobolds
  2 quokkas
  4 ball pythons
  A ball python skeleton (D:4)
  4 bats
  4 frilled lizards
  14 goblins
  A jackal skeleton (D:4)
  3 rats
  A bush (D:8)
  3 plants (D:8)
208 creatures vanquished.

Vanquished Creatures (others)
  An orc (D:3)
  15 toadstools (D:8)
16 creatures vanquished.

Grand Total: 224 creatures vanquished

Notes
Turn   | Place    | Note
-------+----------+-------------------------------------------
     0 | D:1      | neds the Troll Hunter began the quest for the Orb.
     0 | D:1      | Reached XP level 1. HP: 19/19 MP: 0/0
   743 | D:2      | Reached skill level 1 in Unarmed Combat
   743 | D:2      | Reached XP level 2. HP: 27/27 MP: 1/1
   948 | D:2      | Reached XP level 3. HP: 33/33 MP: 2/2
  1002 | D:2      | Reached skill level 2 in Unarmed Combat
  1020 | D:2      | Noticed Sigmund
  1034 | D:2      | Killed Sigmund
  1034 | D:2      | Reached skill level 4 in Unarmed Combat
  1034 | D:2      | Reached XP level 4. HP: 30/41 MP: 3/3
  1034 | D:2      | Reached XP level 5. HP: 35/48 MP: 4/4
  1106 | D:2      | Reached skill level 5 in Unarmed Combat
  1565 | D:3      | Noticed tidbits's ghost (amateur GnFE)
  1581 | D:3      | Killed tidbits's ghost
  1581 | D:3      | Reached XP level 6. HP: 43/55 MP: 5/5
  1742 | D:3      | Reached skill level 6 in Unarmed Combat
  2049 | D:4      | Found Ibrohapo's Gadget Boutique.
  2076 | D:4      | Noticed Robin
  2169 | D:4      | Killed Robin
  2309 | D:4      | Reached skill level 7 in Unarmed Combat
  2309 | D:4      | Reached XP level 7. HP: 48/62 MP: 6/6
  3166 | D:5      | Entered Level 5 of the Dungeon
  3237 | D:5      | Found Kiaroas's Antique Weapon Emporium.
  3319 | D:5      | Reached skill level 8 in Unarmed Combat
  3893 | D:5      | Found Bal Lano's Book Shop.
  3944 | D:6      | Reached skill level 9 in Unarmed Combat
  3944 | D:6      | Reached XP level 8. HP: 70/70 MP: 7/7
  4238 | D:6      | Found Lylanyog's Jewellery Shop.
  4889 | D:6      | Reached skill level 10 in Unarmed Combat
  5419 | D:7      | Reached XP level 9. HP: 58/80 MP: 8/8
  5440 | D:7      | Reached skill level 11 in Unarmed Combat
  5534 | D:7      | Found Cekef's Distillery.
  5540 | D:7      | Bought a potion of degeneration for 13 gold pieces
  5540 | D:7      | Bought a potion of heal wounds for 65 gold pieces
  5540 | D:7      | Bought a potion of curing for 39 gold pieces
  5830 | D:7      | Found a staircase to the Ecumenical Temple.
  5835 | D:7      | Got a warped robe
  5840 | Temple   | Entered the Ecumenical Temple
  5938 | Temple   | Became a worshipper of the Shining One
  5999 | D:7      | Bought a potion of haste for 130 gold pieces
  6113 | D:8      | Noticed a two-headed ogre
  6120 | D:8      | Killed a two-headed ogre
  6200 | D:8      | Identified the +0 robe of the Echidna {Regen+ SInv} (You found it on level 7 of the Dungeon)
  6463 | D:8      | Found a sacrificial altar of Ru.
  6475 | D:8      | Found Qybity's Gadget Shoppe.
  6487 | D:8      | Found Cohag's Gadget Shop.
  6559 | D:8      | Reached skill level 5 in Fighting
  6599 | D:8      | Found Keos's Assorted Antiques.
  6609 | D:8      | Bought a scroll of identify for 64 gold pieces
  6610 | D:8      | Bought a scroll of identify for 64 gold pieces
  6687 | D:8      | Found a blossoming altar of Fedhas.
  6705 | D:8      | Noticed an oklob plant
  6921 | D:9      | Reached * piety under the Shining One
  6989 | D:9      | Reached skill level 12 in Unarmed Combat
  7034 | D:9      | Reached skill level 1 in Invocations
  7121 | D:10     | Entered Level 10 of the Dungeon
  7276 | D:9      | Reached XP level 10. HP: 96/96 MP: 10/10
  7865 | D:10     | Noticed Snorg
  7991 | D:10     | Found Tiunu Ebunn's Jewellery Shoppe.
  8043 | D:10     | Reached ** piety under the Shining One
  8357 | D:11     | Noticed Maurice
  8450 | D:11     | Killed Maurice
  8501 | D:11     | Reached skill level 13 in Unarmed Combat
  8524 | D:11     | Reached skill level 5 in Invocations
  8539 | D:10     | Upgraded the game from 0.22-a0-274-gf8199ec to 0.22-a0-278-g8f80174
  9019 | D:11     | Noticed a centaur warrior
  9115 | D:10     | Found a staircase to the Lair.
  9120 | Lair:1   | Entered Level 1 of the Lair of Beasts
  9139 | Lair:1   | Reached *** piety under the Shining One
  9226 | Lair:1   | Found a labyrinth entrance.
  9232 | Lair:1   | Noticed a black mamba
  9235 | Lair:1   | Reached XP level 11. HP: 102/102 MP: 14/14
  9247 | Lab      | Entered a labyrinth
  9879 | Lab      | Noticed a minotaur
  9887 | Lab      | Slain by a minotaur

Vault maps used:
D:1:      lightli_arrival_chessboard
D:2:      serial_glass, glass_columns_b, glass_columns_b,
          minmay_strange_pillars, kennysheep_generic_room_5, uniq_sigmund
D:3:      first_ration
D:4:      serial_shops, shop, grunt_tough_drop, uniq_robin
D:5:      cheibrodos_iron_armory, serial_shops, kennysheep_little_box, shop,
          hangedman_decor_growths
D:6:      serial_shops, shop
D:7:      minmay_klotski, temple_hall, serial_shops, shop, the_bakery,
          grunt_decor_mini_mirrors, uniq_pikel, uniq_joseph
D:8:      tgw_fedhas, serial_shops, shop_fountains,
          nicolae_shop_temple_entry_statues_fountains, shop_statue,
          nicolae_ru_path_of_blood
D:9:      serial_column_ruins, column_ruins_hut, column_ruins_hut_pillars,
          column_ruins_open_small, column_ruins_open_medium,
          column_ruins_open_medium, column_ruins_columns_straight,
          column_ruins_columns_straight
D:10:     lair_entry_dummy, serial_shops, shop, uniq_snorg
D:11:     minmay_orc_entry_temple_small, special_room, st_stairs_11,
          uniq_maurice
Temple:   kilobyte_greek_temple
Lair:1:   lab_entry_generic, minmay_lair_oklob_chamber, grunt_megastairs_2,
          serial_bayou_shore_a
Lab:      lab_block, nicolae_lab_statue, nicolae_lab_x,
          nicolae_lab_checkerboard, nicolae_lab_grate_2

Skill      XL: |  1  2  3  4  5  6  7  8  9 10 |
---------------+-------------------------------+-----
Unarmed Combat | 1 4 5 7 9 10 12 13 | 13.6
Throwing       | 4 |  4.2
Fighting       | 2 5 |  5.1
Invocations    | 2 6 |  6.4
Dodging        | |  1.5
Stealth        | |  0.3

Action                   |  1- 3 |  4- 6 |  7- 9 | 10-12 || total
-------------------------+-------+-------+-------+-------++-------
Melee: Unarmed           |    69 |   122 |   270 |   145 ||   606
       Punch             |     1 |     8 |    23 |     8 ||    40
Throw: Large rock        |     3 |     7 |    19 |    10 ||    39
  Use: Scroll            |       |     3 |    11 |     5 ||    19
       Potion            |       |       |       |     1 ||     1
 Stab: Sleeping          |     1 |       |     2 |       ||     3
  Eat: Chunk             |    15 |    12 |    40 |    27 ||    94
       Ration            |       |       |     1 |       ||     1
Armor: Robe              |    22 |    36 |    16 |       ||    74
       Animal skin       |       |       |    39 |     5 ||    44
       Acid dragon scale |       |       |       |    58 ||    58
Dodge: Dodged            |    30 |    40 |    90 |    67 ||   227

Table legend:
 A = Spawn XP
 B = Non-spawn XP
 C = Spawn XP percentage of total XP
 D = Spawn monster count
 E = Non-spawn monster count
 F = Spawn count percentage of total count
 G = Total turns spent on level
                    A         B        C        D         E        F      G
               +---------+---------+-------+---------+---------+-------+---------
         Total |       0 |   11528 |   0.0 |       0 |     204 |   0.0 |  9887
               +---------+---------+-------+---------+---------+-------+---------
           D:1 |       0 |       7 |   0.0 |       0 |       5 |   0.0 |   719
           D:2 |       0 |     331 |   0.0 |       0 |      25 |   0.0 |   785
           D:3 |       0 |     272 |   0.0 |       0 |      29 |   0.0 |   554
           D:4 |       0 |     245 |   0.0 |       0 |      15 |   0.0 |  1108
           D:5 |       0 |     569 |   0.0 |       0 |      16 |   0.0 |   779
           D:6 |       0 |     536 |   0.0 |       0 |      22 |   0.0 |   989
           D:7 |       0 |     979 |   0.0 |       0 |      12 |   0.0 |   926
           D:8 |       0 |    2292 |   0.0 |       0 |      19 |   0.0 |   981
           D:9 |       0 |    1346 |   0.0 |       0 |      18 |   0.0 |   887
          D:10 |       0 |    1255 |   0.0 |       0 |      15 |   0.0 |   946
          D:11 |       0 |    2540 |   0.0 |       0 |      22 |   0.0 |   345
        Lair:1 |       0 |    1156 |   0.0 |       0 |       6 |   0.0 |    85
               +---------+---------+-------+---------+---------+-------+---------
